 Dungeon Crawl Stone Soup version 0.30-a0-782-ge64f9170bb (webtiles) character file.

Game seed: 175038122455199461

315 vineage the Trooper (level 6, -1/42 HPs)
             Began as a Gargoyle Fighter on Mar 14, 2023.
             Was an Initiate of Okawaru.
             Shot with a bolt by an orc warrior (12 damage)
             ... on level 4 of the Dungeon.
             The game lasted 00:04:45 (3364 turns).

vineage the Trooper (Gargoyle Fighter)              Turns: 3364, Time: 00:04:46

Health: -1/42      AC: 16    Str: 22    XL:     6   Next: 43%
Magic:  6/6        EV:  4    Int:  6    God:    Okawaru [......]
Gold:   163        SH:  0    Dex:  9    Spells: 5/5 levels left

rFire   . . .      SeeInvis .    a - +0 flail (flame)
rCold   . . .      Faith    .    c - +0 buckler
rNeg    + + .      Spirit   .    f - +0 chain mail
rPois   ∞          Reflect  .    (no helmet)
rElec   +          Harm     .    m - scarf {repulsion}
rCorr   .          Rampage  .    l - +0 pair of gloves
Will    +....                    (no boots) Stlth
                                 (no amulet)
HPRegen 0.27/turn                h - ring of willpower
MPRegen 0.10/turn                j - ring of positive energy

@: mighty, held, repel missiles
A: sickness immunity, AC +4, negative energy resistance 1, electricity
resistance, torment resistance 1, petrification resistance, iridescent scales 1,
dopey 1, evolution 1
a: Renounce Religion


You were on level 4 of the Dungeon.
You worshipped Okawaru.
Okawaru was noncommittal.
You visited 2 branches of the dungeon, and saw 5 of its levels.

You collected 163 gold pieces.

Inventory:

Hand Weapons
 a - a +0 flail of flaming (weapon)
Missiles
 e - a throwing net (quivered)
Armour
 c - a +0 buckler (worn)
 f - a +0 chain mail (worn)
 l - a +0 pair of gloves (worn)
 m - a scarf of repulsion (worn)
Jewellery
 h - a ring of willpower (left hand)
 j - a ring of positive energy (right hand)
 n - a ring of flight
Scrolls
 o - a scroll of brand weapon
Potions
 d - 2 potions of might
 g - 6 potions of flight
 i - 4 potions of curing
 k - a potion of attraction
 p - a potion of brilliance
 q - a potion of resistance
 s - a potion of heal wounds {unknown}


   Skills:
 + Level 6.5 Fighting
 + Level 4.0 Maces & Flails
 + Level 3.3 Armour
 + Level 3.3 Shields
 + Level 0.2 Invocations


You had 5 spell levels left.
You didn't know any spells.
Your spell library contained the following spells:

 Spells                   Type           Power      Damage    Failure   Level
 Beastly Appendage        Tmut           0%         N/A       99%         1
 Slow                     Hex            0%         N/A       99%         1
 Wereblood                Tmut           0%         N/A       100%        2
 Confusing Touch          Hex            0%         N/A       100%        3
 Spider Form              Tmut/Pois      0%         N/A       100%        3
 Vampiric Draining        Necr           0%         2d6       100%        3


Dungeon Overview and Level Annotations

Branches:
Dungeon (4/15)             Temple (1/1) D:4

Altars:
Cheibriados
Dithmenos
Elyvilon
Nemelex Xobeh
Okawaru
Qazlal
Ru
Trog
Vehumet
Wu Jian
Xom
Yredelemnul
Zin

Shops:
D:3 ([?*=   D:4 (


Innate Abilities, Weirdness & Mutations

You are immune to sickness and miasma.
Your stone body is resilient. (AC +4)
You are immune to poison.
You resist negative energy. (rN+)
You are resistant to electric shocks. (rElec)
You are resistant to unholy torment.
You are immune to petrification.
You are partially covered in iridescent scales. (AC +2)
You are dopey. (Int -2)
You have hidden genetic potential.


Message History

The kobold hits you but does no damage.
You barely miss the kobold. You block the kobold's attack.
The orc warrior unwields a +0 dire flail.
The orc warrior wields a +0 arbalest.
The orc warrior shoots a bolt.
The bolt hits you! The kobold hits you with a +0 club.
You hear an angry hiss. x2
You hit the kobold but do no damage. You block the kobold's attack.
The orc warrior shoots a bolt.
The bolt hits you.
You hear an angry hiss.
You sock the kobold! You burn the kobold.
You kill the kobold!
Okawaru accepts your kill.
The gnoll throws a throwing net.
The throwing net hits you.
You become entangled in the net!
The orc warrior shoots a bolt.
The bolt hits you!
* * * LOW HITPOINT WARNING * * *
You hear a shout!
You are too injured to fight recklessly!
You are too injured to fight recklessly!
You are too injured to fight recklessly!
You are too injured to fight recklessly!
You are too injured to fight recklessly!
You are too injured to fight recklessly!
You are too injured to fight recklessly!
You are too injured to fight recklessly!
You are too injured to fight recklessly!
You are too injured to fight recklessly!
You are too injured to fight recklessly!
You are too injured to fight recklessly!
Okay, then.
You feel very mighty all of a sudden.
A gnoll comes into view. It is wielding a +0 halberd.
The orc warrior shoots a bolt.
The bolt barely misses you.
It was a potion of mutation.
You feel extremely strange.
You feel a hidden potential growing inside you.
You feel stupid.
Iridescent scales grow over part of your body.
The gnoll hits you but does no damage.
The orc warrior shoots a bolt.
The bolt hits you!
You die...

.#..### #.#..#.........#.#
.##...#####.#..##.#........#
..##......#.#..##.#...#.####
#..##..##...#..####........#
##....####..#...........##.###
...⌠..# #.....#.######..#...#
##....# #.>...#..#####....#.##
#..##.# #.....†..............#
..#
..........##@..###...##...# .#
...###...###g#o# #[#.# #..#
.#.. #..^# #g. # #...# ..#
...# ##... .### .###... ##
#### ##.. . #. .#..# #. .. .#
.. .# ## .# ### #


You could see an orc warrior and 2 gnolls.

Vanquished Creatures
  A scorpion (D:4)
  Natasha (twice) (D:4)
  3 iguanas (D:4)
  5 adders
  4 dart slugs
  2 orcs (D:3)
  3 endoplasms
  5 giant cockroaches
  6 goblins
  7 hobgoblins
  6 jackals (D:1)
  4 quokkas
  4 ball pythons
  4 bats
  4 frilled lizards
  9 kobolds
  6 rats
75 creatures vanquished.

Notes
Turn   | Place    | Note
-------+----------+-------------------------------------------
     0 | D:1      | vineage the Gargoyle Fighter began the quest for the Orb.
     0 | D:1      | Reached XP level 1. HP: 14/14 MP: 1/1
   161 | D:1      | Reached XP level 2. HP: 20/20 MP: 2/2
   511 | D:1      | Reached skill level 4 in Fighting
   585 | D:1      | Reached XP level 3. HP: 24/24 MP: 3/3
   730 | D:1      | Found an ornate altar of the Wu Jian Council.
  1104 | D:2      | Found a faded altar of an unknown god.
  1270 | D:2      | Reached XP level 4. HP: 28/30 MP: 4/4
  1746 | D:3      | Reached skill level 5 in Fighting
  1755 | D:3      | Found Raviocag's Antique Armour Boutique.
  1793 | D:3      | Found Joeshri's Magic Scroll Shoppe.
  1796 | D:3      | Found Ravap's Assorted Antiques.
  1865 | D:3      | Found Hubiutad's Jewellery Shoppe.
  2031 | D:3      | Found Feng's Antique Weapon Emporium.
  2402 | D:3      | Found a bloodstained altar of Trog.
  2428 | D:3      | Reached XP level 5. HP: 35/35 MP: 5/5
  2510 | D:4      | Found Nec Zook's Weapon Shop.
  2520 | D:4      | Noticed Natasha
  2524 | D:4      | Killed Natasha
  2741 | D:4      | Reached skill level 6 in Fighting
  2741 | D:4      | Reached XP level 6. HP: 41/41 MP: 6/6
  3081 | D:4      | Found a staircase to the Ecumenical Temple.
  3091 | Temple   | Entered the Ecumenical Temple
  3133 | Temple   | Became a worshipper of Warmaster Okawaru
  3348 | D:4      | Noticed Natasha
  3354 | D:4      | Killed Natasha
  3359 | D:4      | Noticed an orc warrior
  3364 | D:4      | Gained mutation: You have hidden genetic potential. [potion
                  | of mutation]
  3364 | D:4      | Gained mutation: You are dopey. (Int -2) [potion of
                  | mutation]
  3364 | D:4      | Gained mutation: You are partially covered in iridescent
                  | scales. (AC +2) [potion of mutation]
  3364 | D:4      | Shot with a bolt by an orc warrior

Illustrated notes

Levels and vault maps discovered:
D:1:      elethiomel_arrival_shortcut, layout_basic, minmay_hexomino_r4
D:2:      layout_loops_cross, ebering_ecumenical_altar_rust,
          amcnicky_mini_rare_corridor_liquid, minmay_misc_feat_enclosed
D:3:      layout_basic, trog_butcher_becter, serial_shops, shop_fountains,
          nicolae_shop_statue_plus, shop, shop_fountains, nicolae_shop_crystal
D:4:      layout_basic, minmay_temple_entry_waves, serial_shops,
          nicolae_shop_hallway_stairs, nicolae_hexahallways, st_stairs_12,
          dk_vineyard_3, minmay_starry_boxes, uniq_natasha
Temple:   regret_index_temple_mists

Skill      XL: |  1  2  3  4  5  6 |
---------------+-------------------+-----
Fighting       | 4 5 6 |  6.5
Maces & Flails | 3 4 |  4.0
Armour         | |  3.3
Shields        | |  3.3
Invocations    | |  0.2

Action                     |  1- 3 |  4- 6 || total
---------------------------+-------+-------++-------
  Melee: Flail             |   150 |   140 ||   290
    Use: Scroll            |     5 |     7 ||    12
         Potion            |       |     2 ||     2
 Armour: Scale mail        |    85 |    56 ||   141
         Chain mail        |       |    23 ||    23
  Dodge: Dodged            |    85 |    65 ||   150
  Block: Buckler           |    30 |    24 ||    54

Table legend: (Time is in decaauts)
 A = Elapsed time spent in this place.
 B = Non-inter-level travel time spent in this place.
 C = Inter-level travel time spent in this place.
 D = Time resting spent in this place.
 E = Time spent auto-exploring this place.
 F = Levels seen in this place.
 G = Mean time per level.
                   A        B        C        D        E       F      G
               +--------+--------+--------+--------+--------+-----+--------+
         Total |   3465 |   3286 |    179 |      0 |   2607 |   5 |  693.0 |
       Dungeon |   3398 |   3256 |    142 |      0 |   2586 |   4 |  849.5 |
        Temple |     66 |     29 |     37 |      0 |     21 |   1 |   66.0 |
               +--------+--------+--------+--------+--------+-----+--------+

Top non-repeatable levels by time:
     D:1: 1038 daAuts
     D:3: 818 daAuts
     D:4: 815 daAuts
     D:2: 726 daAuts
  Temple: 66 daAuts
